 Dungeon Crawl Stone Soup version 0.31.0-11-ge490571c62 (webtiles) character file.

Game seed: 9443730128586676291

37 qw the Shooter (level 3, -3/18 HPs)
             Began as a Spriggan Hunter on Feb 3, 2024.
             Slain by Sigmund
             ... wielding a +1 scythe of venom
              (10 damage)
             ... on level 2 of the Dungeon.
             The game lasted 00:00:02 (600 turns).

qw the Shooter (Spriggan Hunter)                     Turns: 600, Time: 00:00:02

Health: -3/18      AC:  2    Str:  7    XL:     3   Next: 21%
Magic:  4/4        EV: 19    Int: 10    God:
Gold:   84         SH:  0    Dex: 20    Spells: 2/2 levels left

rFire   . . .        a - +0 shortbow
rCold   . . .        (shield currently unavailable)
rNeg    . . .        c - +0 robe
rPois   .            (helmet restricted)
rElec   .            (no cloak)
rCorr   .            (gloves unavailable)
SInv    +            (boots unavailable)
Will    .....        (no amulet)
Stlth   ++           (no ring)
HPRegen 0.23/turn    (no ring)
MPRegen 0.09/turn

%: no passive effects
@: brilliant, lethally poisoned (-3 -> -9), very quick
A: very small, no large weapons, unfitting armour, see invisible, speed 3
a: no special abilities


You were on level 2 of the Dungeon.
You visited 1 branch of the dungeon, and saw 2 of its levels.

You collected 84 gold pieces.


Innate Abilities, Weirdness & Mutations

You are very small and have problems with some larger weapons.
You are too small for most types of armour.
You have supernaturally acute eyesight. (SInv)
You cover ground extremely quickly. (Speed+++)


   Skills:
 - Level 1.5 Fighting
 + Level 4.6 Ranged Weapons
 - Level 4.0 Dodging
 - Level 1.5 Stealth


You had 2 spell levels left.
You didn't know any spells.
Your spell library was empty.

Inventory:

Hand Weapons
 a - a +0 shortbow (weapon)
Armour
 c - a +0 robe (worn)
Scrolls
 d - a scroll of teleportation

Dungeon Overview and Level Annotations

Branches:
Dungeon (2/15)

Altars:

Shops:
D:1 (

Annotations:
D:2 Sigmund


Message History

You shoot an arrow. The arrow closely misses Sigmund.
The arrow hits the jackal but does no damage.
Sigmund misses you.
You shoot an arrow. The arrow hits Sigmund!
Sigmund is moderately wounded.
Sigmund gestures wildly while chanting.
Sigmund flickers and vanishes for a moment.
You shoot an arrow. The arrow hits the jackal.
The jackal is almost dead.
The jackal closely misses you. Sigmund barely misses you.
You shoot an arrow. The arrow barely misses the jackal.
The arrow hits Sigmund.
Sigmund is heavily wounded.
The jackal misses you. The jackal bites you. Sigmund looks at you with fury.
Sigmund hits you but does no damage.
You are poisoned.
You shoot an arrow. The arrow hits the jackal.
You kill the jackal!
You feel sick.
You shoot an arrow. The arrow barely misses the hobgoblin.
The arrow barely misses Sigmund.
The arrow hits the ribbon worm!
The ribbon worm is heavily wounded.
You feel sick.
Sigmund hits you from afar with a +1 scythe of venom.
You are more poisoned.
The hobgoblin barely misses you.
You shoot an arrow. The arrow closely misses the hobgoblin.
The arrow hits Sigmund.
Sigmund is severely wounded.
You feel very sick. The hobgoblin completely misses you.
Sigmund closely misses you.
You shoot an arrow. The arrow barely misses the hobgoblin.
The arrow hits Sigmund.
Sigmund is almost dead.
You feel sick.
The hobgoblin hits you but does no damage.
Sigmund hits you from afar with a +1 scythe of venom!
Ouch! That really hurt!
You die...
Sigmund begins carving another notch in his scythe.

...# ..#### ..#..
..#.## #. #....
#.# #@w# #... #.#
##g# #...####.#
#.@#
#......#.###.##
....#...##..###
#............#.
#..............^.
#...........###.#
#...........# .#
######%#....##
#.......#


You could see Sigmund (invisible), a ribbon worm and a hobgoblin.

Vanquished Creatures
  A dart slug (D:1)
  4 endoplasms (D:1)
  A giant cockroach (D:1)
  3 hobgoblins
  5 jackals
  3 kobolds (D:1)
  2 quokkas (D:1)
  2 ball pythons (D:1)
  2 bats
  7 rats (D:1)
30 creatures vanquished.

Notes
Turn   | Place    | Note
-------+----------+-------------------------------------------
     0 | D:1      | qw the Spriggan Hunter began the quest for the Orb.
     0 | D:1      | Reached XP level 1. HP: 10/10 MP: 2/2
     0 | D:1      | 0 ||| qw: Version: 0.3-a-158-g18b3111
     0 | D:1      | 0 ||| qw: Game counter: 4270
     0 | D:1      | 0 ||| qw: Melee chars always use a shield: true
     0 | D:1      | 0 ||| qw: God list: Okawaru
     0 | D:1      | 0 ||| qw: Allow faded altars: false
     0 | D:1      | 0 ||| qw: Do Orc after clearing Dungeon:15 true
     0 | D:1      | 0 ||| qw: Do second Lair branch before Depths: true
     0 | D:1      | 0 ||| qw: Lair rune preference: random
     0 | D:1      | 0 ||| qw: Goals: Normal
     0 | D:1      | 0 ||| PLANNING D:1-11
    17 | D:1      | Reached skill level 3 in Dodging
    42 | D:1      | Found Wato's Antique Weapon Shoppe.
    51 | D:1      | 51 ||| SHOPLISTING runed sling (144 gold, have 0).
   196 | D:1      | Reached XP level 2. HP: 14/14 MP: 3/3
   515 | D:1      | Reached XP level 3. HP: 17/18 MP: 4/4
   526 | D:1      | 526 ||| READING 2 scrolls labelled LAENULYMEA.
   530 | D:1      | 530 ||| READING scroll labelled VIMUTWU UBOQ.
   531 | D:1      | 531 ||| READING scroll labelled SUDGHI BUATHRI.
   531 | D:1      | 531 ||| ENCHANTING +0 shortbow.
   532 | D:1      | 532 ||| DRINKING 2 metallic pink potions.
   533 | D:1      | 533 ||| DROPPING scroll of butterflies.
   534 | D:1      | 534 ||| DROPPING potion of brilliance.
   549 | D:2      | Found a faded altar of an unknown god.
   588 | D:2      | Noticed Sigmund
   600 | D:2      | Slain by Sigmund

Levels and vault maps discovered:
D:1:      kennysheep_arrival_forest, layout_loops_ring, serial_shops, shop
D:2:      layout_rooms, chequers_ecumenical_altar_island, reono_crystal_passage,
          uniq_sigmund

Skill      XL: |  1  2 |
---------------+-------+-----
Dodging        | 3 4 |  4.0
Fighting       | |  1.5
Ranged Weapons | |  4.6
Stealth        | |  1.5

Action                     || total
---------------------------++-------
   Fire: Shortbow          ||    73
    Use: Scroll            ||     3
         Potion            ||     1
 Armour: Robe              ||    10
  Dodge: Dodged            ||    15

Table legend:
 A = Non-vault XP
 B = Vault XP
 C = Vault XP percentage of total XP
 D = Non-vault monster count
 E = Vault monster count
 F = Vault count percentage of total count
                 A         B        C        D         E       F
            +---------+---------+-------+---------+---------+-------
      Total |      53 |       0 |   0.0 |      30 |       0 |   0.0
            +---------+---------+-------+---------+---------+-------
        D:1 |      41 |       0 |   0.0 |      24 |       0 |   0.0
        D:2 |      12 |       0 |   0.0 |       6 |       0 |   0.0
            +---------+---------+-------+---------+---------+-------
